 Dungeon Crawl Stone Soup version 0.29.0-13-gc9e81de378 (webtiles) character file.

Game seed: 898934542068769421

332 nickcage the Chopper (level 6, -3/52 HPs)
             Began as a Minotaur Gladiator on Sept 8, 2022.
             Was an Initiate of Makhleb.
             Slain by an ogre
             ... wielding a +0 giant spiked club
              (16 damage)
             ... on level 5 of the Dungeon.
             The game lasted 00:05:23 (3812 turns).

nickcage the Chopper (Minotaur Gladiator)           Turns: 3812, Time: 00:05:24

Health: -3/52      AC: 10    Str: 21    XL:     6   Next: 26%
Magic:  5/5        EV:  9    Int:  5    God:    Makhleb [......]
Gold:   170        SH:  0    Dex: 11    Spells: 5/5 levels left

rFire   . . .      SeeInvis .   a - +0 war axe
rCold   . . .      Faith    .   (no shield)
rNeg    . . .      Spirit   .   v - +0 chain mail
rPois   .          Reflect  .   c - +0 hat
rElec   .          Harm     .   (no cloak)
rCorr   .          Rampage  .   y - +0 pair of gloves
Will    .....                   (no boots)
Stlth   ..........              (no amulet)
HPRegen 0.17/turn               (no ring)
MPRegen 0.09/turn               (no ring)

@: no status effects
A: horns 2, retaliatory headbutt
a: Renounce Religion


You were on level 5 of the Dungeon.
You worshipped Makhleb.
Makhleb was noncommittal.
You visited 1 branch of the dungeon, and saw 5 of its levels.

You collected 170 gold pieces.

Inventory:

Hand Weapons
 a - a +0 war axe (weapon)
 e - a +0 flail
Missiles
 d - 3 throwing nets
 A - a javelin
 D - 2 poisoned darts (quivered)
Armour
 b - a +0 leather armour
 c - a +0 hat (worn)
 j - a +0 scale mail
 v - a +0 chain mail (worn)
 y - a +0 pair of gloves (worn)
Jewellery
 m - a ring of flight
Wands
 u - a wand of flame (38)
Scrolls
 h - 2 scrolls of enchant armour {unknown}
 i - 2 scrolls of immolation {unknown}
 l - a scroll of enchant weapon {unknown}
 n - 3 scrolls of teleportation {unknown}
 q - 2 scrolls of vulnerability {unknown}
 s - 2 scrolls of fog {unknown}
 t - a scroll of fear {unknown}
 w - 3 scrolls of blinking {unknown}
 x - a scroll of identify {unknown}
Potions
 f - a potion of cancellation {unknown}
 g - 2 potions of curing {unknown}
 k - 2 potions of attraction {unknown}
 o - 2 potions of haste {unknown}
 p - 4 potions of heal wounds {unknown}
 r - 2 potions of flight {unknown}
 z - a potion of berserk rage {unknown}
 B - a potion of might {unknown}
 C - a potion of magic {unknown}


   Skills:
 + Level 3.6 Fighting
 + Level 6.7 Axes
 + Level 2.2 Throwing
 + Level 2.6 Armour
 + Level 4.1 Dodging


You had 5 spell levels left.
You didn't know any spells.
Your spell library contained the following spells:

 Spells                   Type           Power      Damage    Failure   Level
 Necrotise                Necr           0%         1d4       99%         1
 Gell's Gravitas          Tloc           0%         N/A       100%        3
 Lesser Beckoning         Tloc           0%         N/A       100%        3
 Stone Arrow              Conj/Erth      0%         3d7       100%        3
 Teleport Other           Tloc           0%         N/A       100%        3
 Vampiric Draining        Necr           0%         2d6       100%        3
 Animate Armour           Summ/Erth      0%         N/A       100%        4
 Corpse Rot               Necr/Pois/Air  0%         N/A       100%        4
 Dispel Undead            Necr           0%         3d6       100%        4
 Agony                    Necr           0%         N/A       100%        5
 Death Channel            Necr           0%         N/A       100%        6
 Lehudib's Crystal Spear  Conj/Erth      0%         10d2      100%        8


Dungeon Overview and Level Annotations

Branches:
Dungeon (5/15)
 Temple: D:4-7

Altars:
Makhleb
Xom

Shops:
D:1 ?

Annotations:
D:3 2 transporters, Sabo's ghost, amateur DsAE


Innate Abilities, Weirdness & Mutations

You have a pair of horns on your head.
You reflexively headbutt those who attack you in melee.


Message History

The hound bites you but does no damage.
You closely miss the hound.
The hound is lightly wounded.
The hound closely misses you. The hound barely misses you.
You closely miss the hound.
The hound is lightly wounded.
The hound bites you but does no damage. x2
You hit the hound.
The hound is moderately wounded.
The hound bites you. The hound bites you but does no damage.
You slash the hound!
You kill the hound!
Makhleb accepts your kill.
No target in view!
No target in view!
HP restored.
You pick up a book of Displacement and begin reading...
You add the spells Lesser Beckoning, Gell's Gravitas and Teleport Other to your library.
A white imp comes into view.
The white imp shouts!
Found 5 stones.
The white imp gestures at you. The puff of frost hits you!
An ogre comes into view. It is wielding a +0 giant spiked club.
You hit the ogre but do no damage. You slash the white imp!
You kill the white imp!
Makhleb accepts your kill.
The ogre hits you with a +0 giant spiked club!
You slash the ogre!
The ogre is moderately wounded.
The ogre barely misses you.
You slash the ogre!
The ogre is heavily wounded.
The ogre hits you with a +0 giant spiked club!!
* * * LOW HITPOINT WARNING * * *
You are too injured to fight recklessly!
You slash the ogre!
The ogre is almost dead.
The ogre hits you with a +0 giant spiked club!
You die...

####.##....#
#....#..#### ##.##.#.##
....#.#.# . ....#.#.#
###.# ....#.#.#
#####..... ....#.#.#
.(....... .>....#.#
#O.....#
......#.########@.$...#
......#.............#.#
......#########....##
......)......##....#
###.#######<.#######
#..................
##.#.#.#.##........
#..................
#..#.#.............


You could see an ogre.

Vanquished Creatures
  A crimson imp (D:4)
  2 hounds
  An orc priest (D:2)
  Natasha (D:3)
  Robin (D:2)
  3 adders
  3 gnolls (D:4)
  A white imp (D:5)
  4 worms (D:2)
  3 dart slugs
  12 orcs
  4 ball pythons
  7 endoplasms
  2 giant cockroaches
  14 goblins
  7 hobgoblins
  2 quokkas
  4 bats
  7 kobolds
  5 rats
  2 bushes (D:2)
86 creatures vanquished.

Vanquished Creatures (others)
  A plant (D:2)
1 creature vanquished.

Grand Total: 87 creatures vanquished

Notes
Turn   | Place    | Note
-------+----------+-------------------------------------------
     0 | D:1      | nickcage the Minotaur Gladiator began the quest for the
                  | Orb.
     0 | D:1      | Reached XP level 1. HP: 18/18 MP: 0/0
   122 | D:1      | Found Qihaophi's Magic Scroll Emporium.
   306 | D:1      | Reached XP level 2. HP: 24/25 MP: 1/1
   602 | D:1      | Reached skill level 4 in Axes
  1079 | D:2      | Reached XP level 3. HP: 23/30 MP: 2/2
  1267 | D:2      | Reached XP level 4. HP: 37/37 MP: 3/3
  1324 | D:2      | Reached skill level 1 in Armour
  1483 | D:2      | Found a faded altar of an unknown god.
  1503 | D:2      | Noticed Robin
  1521 | D:2      | Killed Robin
  1598 | D:2      | Reached skill level 5 in Axes
  2097 | D:3      | Found a transporter.
  2102 | D:3      | Reached XP level 5. HP: 45/45 MP: 4/4
  2290 | D:3      | Found a transporter.
  2332 | D:3      | Noticed Natasha
  2335 | D:3      | Killed Natasha
  2490 | D:3      | Noticed Sabo's ghost (amateur DsAE)
  2928 | D:4      | Found a burning altar of Makhleb.
  2933 | D:4      | Reached skill level 6 in Axes
  2947 | D:4      | Became a worshipper of Makhleb the Destroyer
  3100 | D:4      | Found a burning altar of Makhleb.
  3100 | D:4      | Found a shimmering altar of Xom.
  3113 | D:4      | Reached XP level 6. HP: 41/51 MP: 5/5
  3747 | D:5      | Entered Level 5 of the Dungeon
  3812 | D:5      | Slain by an ogre

Illustrated notes

Levels and vault maps discovered:
D:1:      denvon_arrival_planthouse, layout_loops_ring, serial_shops, shop
D:2:      layout_loops_ring, chequers_ecumenical_altar_simple, serial_forest,
          infiniplex_forest_straight_1, infiniplex_forest_straight_4,
          infiniplex_forest_end_3, infiniplex_forest_lined_room_,
          infiniplex_forest_lined_3, uniq_robin
D:3:      layout_basic, gammafunk_ghost_stat_death, uniq_natasha
D:4:      layout_basic, grunt_temple_overflow_champion_of_chaos,
          kennysheep_small_spiral, kennysheep_small_circle
D:5:      layout_basic, mainiacjoe_overflow_small_starburst,
          serial_co_window_serial, co_window_corner_a, co_window_paths_b,
          co_window_paths_a, co_window_of_opportunity_a, co_window_paths_a,
          co_window_2corner, co_window_of_opportunity_b,
          co_window_of_opportunity_b, co_window_paths_c, co_window_paths_e,
          co_window_paths_d, glass_columns_b, glass_columns_a, minivault_24,
          uniq_blork_the_orc

Skill      XL: |  1  2  3  4  5 |
---------------+----------------+-----
Axes           | 4 5 6 |  6.7
Dodging        | 4 |  4.1
Armour         | 1 2 |  2.6
Fighting       | 3 |  3.6
Throwing       | |  2.2

Action                   |  1- 3 |  4- 6 || total
-------------------------+-------+-------++-------
Melee: War axe           |    46 |   230 ||   276
       Headbutt          |     2 |    58 ||    60
       Punch             |       |     1 ||     1
Throw: Javelin           |       |     2 ||     2
Armor: Scale mail        |    24 |     7 ||    31
       Leather armour    |     1 |       ||     1
       Chain mail        |       |    30 ||    30
Dodge: Dodged            |    24 |    53 ||    77
